PA
CUT OFF CRAWDADS @ EUGENE VANDALS
08/31/2041
 
TOP OF THE 1ST
Cut Off Crawdads batting - Pitching for Eugene Vandals : RHP Tex Owens
Pitching: RHP Tex Owens
Batting: RHB Arturo Cicerón 0-0: Called Strike
0-1: Ball
1-1: Ball
2-1: Ground out 4-3 (Groundball, 4, EV 80.0 MPH)
Batting: RHB Juan David Fernán 0-0: Called Strike
0-1: Ball
1-1: SINGLE (Groundball, 6, EV 101.2 MPH) (infield hit)
Batting: LHB Sam Wells 0-0: Ball
Juan David Fernán steals 2nd base
1-0: Ball
2-0: Foul Ball, location: 2F
2-1: Swinging Strike
2-2: Strikes out swinging
Batting: RHB Kennet Udinga 0-0: Ground out 5-3 (Groundball, 5L, EV 84.4 MPH)
Top of the 1st over - 0 runs, 1 hit, 0 errors, 1 left on base; Cut Off 0 - Eugene 0
BOTTOM OF THE 1ST
Eugene Vandals batting - Pitching for Cut Off Crawdads : LHP Trevor Bowden
Pitching: LHP Trevor Bowden
Batting: RHB Gyoo-jae Kil 0-0: Called Strike
0-1: Swinging Strike
0-2: Ball
1-2: Ball
2-2: Ball
3-2: Fly out, F8 (Flyball, 8LD, EV 99.4 MPH)
Batting: LHB Roosevelt Cartledge 0-0: Ball
1-0: Swinging Strike
1-1: Fly out, F7 (Flyball, 78S, EV 83.8 MPH)
Batting: RHB Ángel Júlio 0-0: Called Strike
0-1: Ball
1-1: Swinging Strike
1-2: Foul Ball, location: 2F
1-2: Ball
2-2: Strikes out swinging
Bottom of the 1st over - 0 runs, 0 hits, 0 errors, 0 left on base; Cut Off 0 - Eugene 0
TOP OF THE 2ND
Cut Off Crawdads batting - Pitching for Eugene Vandals : RHP Tex Owens
Batting: RHB Jermaine Vassell 0-0: Called Strike
0-1: Ball
1-1: Called Strike
1-2: Ground out 5-3 (Groundball, 56, EV 85.0 MPH)
Batting: SHB David Knight 0-0: Called Strike
0-1: Ball
1-1: Foul Ball, location: 2F
1-2: Foul Ball, location: 2F
1-2: Ground out U3 (Groundball, 3L, EV 105.0 MPH)
Batting: RHB José Bermúdez 0-0: Ball
1-0: DOUBLE (Line Drive, 7LD, EV 106.2 MPH)
Batting: RHB Tim Hankins 0-0: Ball
1-0: SINGLE (Line Drive, 8RS, EV 94.4 MPH)
José Bermúdez to third
Runner from 3rd tries for Home, SAFE, throw by CF to home
Batting: RHB Aaron Powell 0-0: Foul Ball, location: 2F
0-1: Ground out 4-3 (Groundball, 4, EV 80.6 MPH)
Top of the 2nd over - 1 run, 2 hits, 0 errors, 1 left on base; Cut Off 1 - Eugene 0
BOTTOM OF THE 2ND
Eugene Vandals batting - Pitching for Cut Off Crawdads : LHP Trevor Bowden
Batting: SHB Dave Richards 0-0: Called Strike
0-1: Called Strike
0-2: Foul Ball, location: 2F
0-2: Ground out 6-3 (Groundball, 6S, EV 84.4 MPH)
Batting: RHB Ken Francis 0-0: Ball
1-0: Fly out, F9 (Line Drive, 9D, EV 85.0 MPH)
Batting: RHB Jorge Quintana 0-0: Ball
1-0: Ball
2-0: Ball
3-0: Base on Balls
Batting: RHB Masaaki Hakui 0-0: Ball
Jorge Quintana is caught stealing 2nd base 2-4
Bottom of the 2nd over - 0 runs, 0 hits, 0 errors, 0 left on base; Cut Off 1 - Eugene 0
TOP OF THE 3RD
Cut Off Crawdads batting - Pitching for Eugene Vandals : RHP Tex Owens
Batting: RHB Arturo Cicerón 0-0: Foul Ball, location: 2F
0-1: Foul Ball, location: 2F
0-2: Ground out 6-3 (Groundball, 6, EV 85.0 MPH)
Batting: RHB Juan David Fernán 0-0: Ball
1-0: Ball
2-0: Ball
3-0: Foul Ball, location: 2F
3-1: SINGLE (Groundball, 34D, EV 97.5 MPH)
Batting: LHB Sam Wells 0-0: Ball
1-0: Foul Ball, location: 2F
1-1: Ball
2-1: Ball
3-1: Foul Ball, location: 2F
3-2: Strikes out swinging
Batting: RHB Kennet Udinga 0-0: Ball
1-0: Ball
2-0: Called Strike
2-1: Swinging Strike
2-2: Ground out 4-3 (Groundball, 4M, EV 80.6 MPH)
Top of the 3rd over - 0 runs, 1 hit, 0 errors, 1 left on base; Cut Off 1 - Eugene 0
BOTTOM OF THE 3RD
Eugene Vandals batting - Pitching for Cut Off Crawdads : LHP Trevor Bowden
Batting: RHB Masaaki Hakui 0-0: Ball
1-0: Ball
2-0: SINGLE (Groundball, 6, EV 83.8 MPH) (infield hit)
Batting: RHB Will Ross 0-0: Called Strike
0-1: Ball
1-1: Swinging Strike
1-2: Strikes out swinging
Batting: RHB Paco Guzmán 0-0: Foul Ball, location: 2F
0-1: Ball
1-1: DOUBLE (Flyball, 8RXD, EV 91.2 MPH)
Masaaki Hakui to third
Runner from 3rd tries for Home, SAFE, no throw by CF
Batting: RHB Gyoo-jae Kil 0-0: Ground out 6-3 (Groundball, 6, EV 101.9 MPH)
Batting: LHB Roosevelt Cartledge 0-0: Ball
1-0: Ball
2-0: Called Strike
2-1: Swinging Strike
2-2: Ball
3-2: Ground out 4-3 (Groundball, 4, EV 83.1 MPH)
Bottom of the 3rd over - 1 run, 2 hits, 0 errors, 1 left on base; Cut Off 1 - Eugene 1
TOP OF THE 4TH
Cut Off Crawdads batting - Pitching for Eugene Vandals : RHP Tex Owens
Batting: RHB Jermaine Vassell 0-0: Ball
1-0: Called Strike
1-1: Foul Ball, location: 2F
1-2: Ball
2-2: Ground out 4-3 (Groundball, 4M, EV 86.2 MPH)
Batting: SHB David Knight 0-0: Called Strike
0-1: Ball
1-1: Swinging Strike
1-2: Ground out 4-3 (Groundball, 4, EV 106.2 MPH)
Batting: RHB José Bermúdez 0-0: Swinging Strike
0-1: SINGLE (Line Drive, 7S, EV 93.8 MPH)
Batting: RHB Tim Hankins 0-0: Called Strike
0-1: Called Strike
0-2: Ball
1-2: Foul Ball, location: 2F
1-2: Foul Ball, location: 2F
1-2: Strikes out swinging
Top of the 4th over - 0 runs, 1 hit, 0 errors, 1 left on base; Cut Off 1 - Eugene 1
BOTTOM OF THE 4TH
Eugene Vandals batting - Pitching for Cut Off Crawdads : LHP Trevor Bowden
Batting: RHB Ángel Júlio 0-0: Ball
1-0: Fly out, F7 (Line Drive, 7, EV 90.6 MPH)
Batting: SHB Dave Richards 0-0: Ball
1-0: Ball
2-0: Ball
3-0: Called Strike
3-1: Base on Balls
Batting: RHB Ken Francis 0-0: Called Strike
0-1: Fly out, F9 (Flyball, 9LMF, EV 95.6 MPH)
Batting: RHB Jorge Quintana 0-0: Called Strike
0-1: Foul Ball, location: 2F
0-2: DOUBLE (Groundball, 5L, EV 106.2 MPH)
Dave Richards to third
Runner from 3rd tries for Home, SAFE, throw by LF to trailing runner, OUT at third! 7-6-5
Bottom of the 4th over - 1 run, 1 hit, 0 errors, 0 left on base; Cut Off 1 - Eugene 2
TOP OF THE 5TH
Cut Off Crawdads batting - Pitching for Eugene Vandals : RHP Tex Owens
Batting: RHB Aaron Powell 0-0: Swinging Strike
0-1: Fly out, F8 (Flyball, 8RD, EV 101.2 MPH)
Batting: RHB Arturo Cicerón 0-0: Ball
1-0: Ball
2-0: Ground out 2-3 (Groundball, 2R, EV 75.0 MPH)
Batting: RHB Juan David Fernán 0-0: Ball
1-0: Ball
2-0: Ball
3-0: Called Strike
3-1: Called Strike
3-2: Strikes out swinging
Top of the 5th over - 0 runs, 0 hits, 0 errors, 0 left on base; Cut Off 1 - Eugene 2
BOTTOM OF THE 5TH
Eugene Vandals batting - Pitching for Cut Off Crawdads : LHP Trevor Bowden
Batting: RHB Masaaki Hakui 0-0: Ball
1-0: Bunt for hit to 23 - play at first, batter safe!
Batting: RHB Will Ross 0-0: Bunt missed!
0-1: Ball
1-1: Sac Bunt to 13S - play at first, batter OUT! 1-4
Masaaki Hakui to second
Batting: RHB Paco Guzmán 0-0: Called Strike
0-1: Swinging Strike
0-2: Ball
1-2: Ball
2-2: Ball
3-2: Base on Balls
Batting: RHB Gyoo-jae Kil 0-0: Ball
1-0: Called Strike
1-1: Foul Ball, location: 2F
1-2: Strikes out swinging
Batting: LHB Roosevelt Cartledge 0-0: Foul Ball, location: 2F
0-1: Swinging Strike
0-2: Ball
1-2: Ball
2-2: Fly out, F8 (Flyball, 8RS, EV 71.2 MPH)
Bottom of the 5th over - 0 runs, 1 hit, 0 errors, 2 left on base; Cut Off 1 - Eugene 2
TOP OF THE 6TH
Cut Off Crawdads batting - Pitching for Eugene Vandals : RHP Tex Owens
Batting: LHB Sam Wells 0-0: Ball
1-0: Ground out 4-3 (Groundball, 34D, EV 103.1 MPH)
Batting: RHB Kennet Udinga 0-0: Called Strike
0-1: Ground out 5-3 (Groundball, 56, EV 87.5 MPH)
Batting: RHB Jermaine Vassell 0-0: Ball
1-0: Ground out U3 (Groundball, 34, EV 100.6 MPH)
Top of the 6th over - 0 runs, 0 hits, 0 errors, 0 left on base; Cut Off 1 - Eugene 2
BOTTOM OF THE 6TH
Eugene Vandals batting - Pitching for Cut Off Crawdads : LHP Trevor Bowden
Batting: RHB Ángel Júlio 0-0: Ball
1-0: Fly out, F9 (Flyball, 9D, EV 90.6 MPH)
Batting: SHB Dave Richards 0-0: Ball
1-0: Swinging Strike
1-1: Foul Ball, location: 2F
1-2: Foul Ball, location: 2F
1-2: Ball
2-2: DOUBLE (Flyball, 78D, EV 106.9 MPH)
Batting: RHB Ken Francis 0-0: Ball
Balk!
Dave Richards to third
1-0: Ball
2-0: Ball
3-0: Called Strike
3-1: Foul Ball, location: 2F
3-2: Ground out 6-3 (Groundball, 6S, EV 89.4 MPH)
Batting: RHB Jorge Quintana 0-0: Ball
1-0: Ball
2-0: Ball
3-0: Called Strike
3-1: Called Strike
3-2: Base on Balls
Batting: RHB Masaaki Hakui 0-0: Called Strike
0-1: Swinging Strike
0-2: DOUBLE (Line Drive, 78D, EV 105.0 MPH)
Dave Richards scores
Jorge Quintana to third
Runner from 3rd tries for Home, SAFE, no throw by CF
Pitching: RHP Charles Cleveland
Batting: RHB Will Ross 0-0: Ball
1-0: Called Strike
1-1: Foul Ball, location: 2F
1-2: Ground out 1-3 (Groundball, 13, EV 76.9 MPH)
Bottom of the 6th over - 2 runs, 2 hits, 0 errors, 1 left on base; Cut Off 1 - Eugene 4
TOP OF THE 7TH
Cut Off Crawdads batting - Pitching for Eugene Vandals : RHP Tex Owens
Batting: SHB David Knight 0-0: Ball
1-0: Ball
2-0: Foul Ball, location: 2F
2-1: Foul Ball, location: 2F
2-2: Fly out, F7 (Flyball, 7D, EV 88.8 MPH)
Batting: RHB José Bermúdez 0-0: Fly out, F8 (Flyball, 8RM, EV 95.6 MPH)
Batting: RHB Tim Hankins 0-0: Ball
1-0: Called Strike
1-1: Called Strike
1-2: Strikes out swinging
Top of the 7th over - 0 runs, 0 hits, 0 errors, 0 left on base; Cut Off 1 - Eugene 4
BOTTOM OF THE 7TH
Eugene Vandals batting - Pitching for Cut Off Crawdads : RHP Charles Cleveland
Batting: RHB Paco Guzmán 0-0: Swinging Strike
0-1: Foul Ball, location: 2F
0-2: Ball
1-2: Foul Ball, location: 2F
1-2: Ball
2-2: Ball
3-2: Foul Ball, location: 2F
3-2: Strikes out swinging
Batting: RHB Gyoo-jae Kil 0-0: Swinging Strike
0-1: Ball
1-1: Ground out 6-3 (Groundball, 6, EV 99.4 MPH)
Batting: LHB Roosevelt Cartledge 0-0: Foul Ball, location: 2F
0-1: Ball
1-1: Foul Ball, location: 2F
1-2: Ball
2-2: Ball
3-2: Strikes out swinging
Bottom of the 7th over - 0 runs, 0 hits, 0 errors, 0 left on base; Cut Off 1 - Eugene 4
TOP OF THE 8TH
Cut Off Crawdads batting - Pitching for Eugene Vandals : RHP Tex Owens
Batting: RHB Aaron Powell 0-0: Ball
1-0: Ground out 6-3 (Groundball, 56, EV 78.8 MPH)
Batting: RHB Arturo Cicerón 0-0: Ball
1-0: Foul Ball, location: 2F
1-1: Foul Ball, location: 2F
1-2: Ball
2-2: Ball
3-2: Foul Ball, location: 2F
3-2: Foul Ball, location: 2F
3-2: Base on Balls
Pitching: RHP Eugene Bell
Batting: RHB Juan David Fernán 0-0: Ball
1-0: Called Strike
1-1: Ground out 3-1 (Groundball, 34, EV 81.9 MPH)
Arturo Cicerón to second
Batting: LHB Sam Wells 0-0: Ball
1-0: Ball
2-0: Ball
3-0: Base on Balls
Batting: RHB Kennet Udinga 0-0: Ball
1-0: Called Strike
1-1: Ball
2-1: Swinging Strike
2-2: Strikes out looking
Top of the 8th over - 0 runs, 0 hits, 0 errors, 2 left on base; Cut Off 1 - Eugene 4
BOTTOM OF THE 8TH
Eugene Vandals batting - Pitching for Cut Off Crawdads : RHP Charles Cleveland
Batting: RHB Ángel Júlio 0-0: Ball
1-0: Ball
2-0: Ball
3-0: Base on Balls
Batting: SHB Dave Richards 0-0: Called Strike
0-1: Swinging Strike
0-2: Strikes out swinging
Batting: RHB Ken Francis 0-0: Foul Ball, location: 2F
0-1: Ball
1-1: Ball
2-1: Foul Ball, location: 2F
2-2: Strikes out looking
Batting: RHB Jorge Quintana 0-0: Called Strike
0-1: Ball
1-1: Swinging Strike
1-2: Strikes out looking
Bottom of the 8th over - 0 runs, 0 hits, 0 errors, 1 left on base; Cut Off 1 - Eugene 4
TOP OF THE 9TH
Cut Off Crawdads batting - Pitching for Eugene Vandals : RHP Eugene Bell
Pitching: LHP Virgil Gilbert
Batting: RHB Jermaine Vassell 0-0: Ball
1-0: Ball
2-0: Fly out, F7 (Flyball, 78XD, EV 87.5 MPH)
Batting: SHB David Knight 0-0: Swinging Strike
0-1: Foul Ball, location: 2F
0-2: Ball
1-2: Ball
2-2: Ground out 2-3 (Groundball, 15S, EV 70.6 MPH)
Batting: RHB José Bermúdez 0-0: Foul Ball, location: 2F
0-1: Called Strike
0-2: Ball
1-2: Ball
2-2: Foul Ball, location: 2F
2-2: Ball
3-2: Strikes out swinging
Top of the 9th over - 0 runs, 0 hits, 0 errors, 0 left on base; Cut Off 1 - Eugene 4
Tuesday, January 5th, 2021 - OOTP Baseball 20.8 Build 74